 Dungeon Crawl Stone Soup version 0.30-a0-390-g80c34de65d (webtiles) character file.

Game seed: 7238158130119751654

129 purpskrrrp the Digger (level 4, -5/30 HPs)
             Began as a Demonspawn Earth Elementalist on Dec 4, 2022.
             Was an Initiate of Gozag.
             Slain by an iguana (8 damage)
             ... on level 3 of the Dungeon.
             The game lasted 00:07:21 (3606 turns).

purpskrrrp the Digger (DsEE)                        Turns: 3606, Time: 00:07:21

Health: -5/30      AC:  4    Str:  8    XL:     4   Next: 88%
Magic:  4/8        EV: 12    Int: 18    God:    Gozag
Gold:   102        SH:  0    Dex: 14    Spells: 7/8 levels left

rFire   + . .      SeeInvis .    e - staff of fire
rCold   . . .      Faith    .    (no shield)
rNeg    . . .      Spirit   .    a - +0 robe
rPois   .          Reflect  .    (no helmet)
rElec   .          Harm     .    (no cloak)
rCorr   .          Rampage  .    c - +1 pair of gloves
Will    .....                    (no boots)
Stlth   ++........               (no amulet)
HPRegen 0.25/turn                f - ring of wizardry
MPRegen 0.11/turn                (no ring)

@: no status effects
A: ignite blood 2
a: Renounce Religion, Potion Petition, Call Merchant, Bribe Branch


You were on level 3 of the Dungeon.
You worshipped Gozag.
Gozag was aware of your devotion.
You visited 1 branch of the dungeon, and saw 4 of its levels.

You collected 139 gold pieces.
You paid 37 gold pieces to Gozag.

Inventory:

Armour
 a - a +0 robe (worn)
 c - a +1 pair of gloves (worn)
Magical Staves
 e - a staff of fire (weapon)
Jewellery
 f - a ring of wizardry (left hand)
Potions
 g - a potion of attraction
 h - a potion of flight
 j - a potion of resistance


   Skills:
 + Level 2.5 Dodging
 + Level 2.7 Stealth
 + Level 2.7 Spellcasting
 + Level 2.0 Transmutations
 + Level 3.3 Earth Magic


You had 7 spell levels left.
You knew the following spells:

 Your Spells              Type           Power      Damage    Failure   Level
a - Sandblast             Erth           28%        2d8       1%          1

Your spell library contained the following spells:

 Spells                   Type           Power      Damage    Failure   Level
 Passwall                 Tmut/Erth      10%        N/A       3%          2
 Stone Arrow              Conj/Erth      16%        3d8       11%         3
 Petrify                  Tmut/Erth      12%        N/A       22%         4


Dungeon Overview and Level Annotations

Branches:
Dungeon (4/15)
 Temple: D:4-7

Altars:
Gozag
Hepliaklqana
Okawaru

Shops:
D:1 ?   D:3 (


Innate Abilities, Weirdness & Mutations

Your demonic aura often causes spilled blood to erupt in flames.


Message History

You climb downwards.
The iguana barely misses you. x2
There is a stone staircase leading up here.
Casting: Sandblast (safe; 1% risk of failure)
Confirm with . or Enter, or press ? or * to list all spells.
Aiming: Sandblast (safe; 1% risk of failure)
Press: ? - help, Shift-Dir - straight line, f - iguana
Aim: an iguana (84% to hit)
The blast of sand hits the iguana but does no damage.
The iguana bites you!
Casting: Sandblast (safe; 1% risk of failure)
Confirm with . or Enter, or press ? or * to list all spells.
Okay, then.
The iguana attacks as you move away! The iguana barely misses you.
Casting: Sandblast (safe; 1% risk of failure)
Confirm with . or Enter, or press ? or * to list all spells.
Aiming: Sandblast (safe; 1% risk of failure)
Press: ? - help, Shift-Dir - straight line, f/p - iguana
Aim: an iguana (84% to hit)
The blast of sand hits the iguana but does no damage.
The iguana bites you. The iguana completely misses you.
Casting: Sandblast (safe; 1% risk of failure)
Confirm with . or Enter, or press ? or * to list all spells.
Aiming: Sandblast (safe; 1% risk of failure)
Press: ? - help, Shift-Dir - straight line, f/p - iguana
Aim: an iguana (84% to hit)
The blast of sand hits the iguana but does no damage.
The iguana bites you!
* * * LOW HITPOINT WARNING * * *
Casting: Sandblast (safe; 1% risk of failure)
Confirm with . or Enter, or press ? or * to list all spells.
Aiming: Sandblast (safe; 1% risk of failure)
Press: ? - help, Shift-Dir - straight line, f/p - iguana
Aim: an iguana (84% to hit)
The blast of sand hits the iguana!
The iguana is heavily wounded.
The iguana bites you.
* * * LOW HITPOINT WARNING * * *
The iguana bites you!
You die...
Your body crumbles into a pile of gold.

#......+..............#
#......#.####.........#
#......#...........####
##'###############.....
#.#.......# #.###.
#.#.#####.# #.# ##
#.#.....#.# ##+####
#.#####.#.######.....#
#....@l<..#.(........+
###########.###......#
#..........#......#
#.######.#.#......# #.#
#.#.#.######
#.######[#.#.# #.
#.#....#.#.#.# ###'
#.#.##.#...#.# #[..
#.#....#####.# #...


You could see an iguana.

Vanquished Creatures
  An orc priest (D:3)
  An orc wizard (D:2)
  2 adders (D:2)
  A worm (D:3)
  A dart slug (D:3)
  5 orcs (D:3)
  4 endoplasms
  3 giant cockroaches
  2 goblins (D:1)
  7 hobgoblins
  A quokka (D:1)
  7 ball pythons
  6 bats
  6 frilled lizards
  2 kobolds (D:1)
49 creatures vanquished.

Notes
Turn   | Place    | Note
-------+----------+-------------------------------------------
     0 | D:1      | purpskrrrp the Demonspawn Earth Elementalist began the
                  | quest for the Orb.
     0 | D:1      | Reached XP level 1. HP: 13/13 MP: 3/3
    98 | D:1      | Reached skill level 1 in Transmutations
   185 | D:1      | Found Ezanau's Magic Scroll Emporium.
   275 | D:1      | Gained mutation: Your demonic aura sometimes causes spilled
                  | blood to erupt in flames. [demonic ancestry]
   275 | D:1      | Reached XP level 2. HP: 19/19 MP: 0/5
  1748 | D:2      | Reached skill level 3 in Earth Magic
  1748 | D:2      | Reached XP level 3. HP: 24/24 MP: 3/6
  2417 | D:3      | Gained mutation: Your demonic aura often causes spilled
                  | blood to erupt in flames. [demonic ancestry]
  2417 | D:3      | Reached XP level 4. HP: 29/30 MP: 1/7
  2914 | D:3      | Found an iron altar of Okawaru.
  2969 | D:3      | Found a hazy altar of Hepliaklqana.
  3243 | D:3      | Found Kaushremo's Weapon Shop.
  3328 | D:3      | Found an opulent altar of Gozag.
  3482 | D:3      | Became a worshipper of Gozag Ym Sagoz the Greedy
  3606 | D:3      | Slain by an iguana

Illustrated notes

Levels and vault maps discovered:
D:1:      minmay_arrival_open_corners, layout_basic, serial_shops, shop
D:2:      layout_rooms, serial_corexii_hall, corexii_hall_statues_u,
          corexii_hall_statues_l, corexii_hall_statues_l,
          corexii_hall_statues_i, corexii_hall_statues_i,
          chequers_hall_statues_corner_a
D:3:      layout_basic, lemuel_tele_altar, mainiacjoe_overflow_catch_the_wave,
          serial_shops, nicolae_shop_bloodbath_and_beyond,
          minmay_misc_feat_diagonals
D:4:      minmay_clustersquares, layout_loops_ring, serial_shops, shop

Skill      XL: |  1  2  3  4 |
---------------+-------------+-----
Transmutations | 1 2 |  2.0
Stealth        | 2 |  2.7
Dodging        | 2 |  2.5
Earth Magic    | 3 |  3.3
Spellcasting   | |  2.7

Action                   |  1- 3 |  4- 6 || total
-------------------------+-------+-------++-------
Melee: Unarmed           |    18 |       ||    18
       Staff             |     3 |     7 ||    10
 Cast: Sandblast         |    47 |    50 ||    97
  Use: Scroll            |    10 |     4 ||    14
       Potion            |       |     7 ||     7
Armor: Robe              |     5 |    14 ||    19
Dodge: Dodged            |    18 |    24 ||    42

Table legend: (Time is in decaauts)
 A = Elapsed time spent in this place.
 B = Non-inter-level travel time spent in this place.
 C = Inter-level travel time spent in this place.
 D = Time resting spent in this place.
 E = Time spent auto-exploring this place.
 F = Levels seen in this place.
 G = Mean time per level.
                   A        B        C        D        E       F      G
               +--------+--------+--------+--------+--------+-----+--------+
         Total |   3656 |   3542 |    114 |    819 |   2235 |   4 |  914.0 |
       Dungeon |   3656 |   3542 |    114 |    819 |   2235 |   4 |  914.0 |
               +--------+--------+--------+--------+--------+-----+--------+

Top non-repeatable levels by time:
     D:1: 1552 daAuts
     D:2: 1074 daAuts
     D:3: 1025 daAuts
     D:4: 3 daAuts
